 Dungeon Crawl Stone Soup version 0.21.0 (webtiles) character file.

123 Inarius the Chiller (level 4, -1/35 HPs)
             Began as a Draconian Ice Elementalist on Jan 7, 2018.
             Killed from afar by an orc wizard (9 damage)
             ... with a puff of flame
             ... on level 3 of the Dungeon.
             The game lasted 00:05:42 (2226 turns).

Inarius the Chiller (Draconian Ice Elementalist)    Turns: 2226, Time: 00:05:42

Health: -1/35      AC:  6    Str: 10    XL:     4   Next: 79%
Magic:  4/8        EV: 12    Int: 17    God:
Gold:   129        SH:  0    Dex: 11    Spells: 2/8 levels left

rFire    . . .     SeeInvis .   c - +0 whip (elec)
rCold    . . .     Gourm    .   (no shield)
rNeg     . . .     Faith    .   (armour unavailable)
rPois    .         Spirit   .   (helmet restricted)
rElec    .         Reflect  .   (no cloak)
rCorr    .         Harm     .   (no gloves)
MR       +....                  y - +0 pair of boots
Stlth    ++........             (no amulet)
HPRegen  0.11/turn              i - ring of protection from magic
MPRegen  0.11/turn              (no ring)

@: no status effects
A: unfitting armour, cold-blooded, AC +5
a: no special abilities


You were on level 3 of the Dungeon.
You were not hungry.

You visited 1 branch of the dungeon, and saw 3 of its levels.

You collected 129 gold pieces.

Inventory:

Hand Weapons
 c - a +0 whip of electrocution (weapon)
Armour
 y - a +0 pair of boots (worn)
Jewellery
 i - a ring of protection from magic (left hand)
 j - a cursed ring of teleportation {unknown}
 t - an uncursed ring of wizardry {unknown}
Scrolls
 d - a scroll of blinking {unknown}
 e - a scroll of remove curse {unknown}
 g - 3 scrolls of identify {unknown}
 l - a scroll of random uselessness {unknown}
 n - a scroll of magic mapping {unknown}
 p - 2 scrolls of teleportation {unknown}
 q - 2 scrolls of noise {unknown}
 s - a scroll of fear {unknown}
 u - a scroll of fog {unknown}
 x - a scroll of immolation {unknown}
Potions
 f - a potion of berserk rage {unknown}
 h - 3 potions of mutation {unknown}
 k - a potion of agility {unknown}
 m - 2 potions of flight {unknown}
 o - 2 potions of curing {unknown}
 r - a potion of ambrosia {unknown}
 z - a potion of magic {unknown}
Books
 a - a book of Frost

   Spells                             Type                      Level
   a - Freeze                         Ice                          1
   b - Throw Frost                    Conjuration/Ice              2
   c - Ozocubu's Armour               Charms/Ice                   3
   d - Throw Icicle                   Conjuration/Ice              4
   e - Summon Ice Beast               Ice/Summoning                4
 w - a book of Misfortune

   Spells                             Type                      Level
   a - Confusing Touch                Hexes                        1
   b - Confuse                        Hexes                        3
   c - Gell's Gravitas                Translocation                3
   d - Petrify                        Transmutation/Earth          4
   e - Metabolic Englaciation         Hexes/Ice                    5
   f - Yara's Violent Unravelling     Hexes/Transmutation          5
Comestibles
 b - 2 rations
 v - 3 chunks of flesh


   Skills:
 + Level 1.0 Fighting
 + Level 2.1 Dodging
 - Level 1.7 Stealth
 + Level 2.8 Spellcasting
 * Level 1.7 Conjurations
 * Level 1.2 Charms
 + Level 4.0 Ice Magic


You had 2 spell levels left.
You knew the following spells:

 Your Spells              Type           Power        Failure   Level  Hunger
a - Freeze                Ice            ###.         3%          1    #......
b - Ozocubu's Armour      Chrm/Ice       ##......     19%         3    ###....
c - Throw Frost           Conj/Ice       ##....       9%          2    ##.....


Dungeon Overview and Level Annotations

Branches:
Dungeon (3/15)

Altars:
Ashenzari
Fedhas
Makhleb
Trog

Annotations:
D:2 Sigmund


Innate Abilities, Weirdness & Mutations

Your plain brown scales are hard. (AC +5)
You cannot fit into any form of body armour.
You are cold-blooded and may be slowed by cold attacks.


Message History

You closely miss the orc wizard.
The orc wizard is severely wounded.
The orc wizard hits you with a dagger.
You hit the orc wizard. You tail-slap the orc wizard.
The orc wizard is almost dead.
The orc wizard barely misses you.
You closely miss the orc wizard.
The orc wizard is almost dead.
The orc wizard begins to cast a cantrip, but forgets the words!
You hit the orc wizard but do no damage.
Your tail-slap misses the orc wizard.
The orc wizard is almost dead.
The orc wizard casts a spell at you. The magic dart hits you!
* * * LOW HITPOINT WARNING * * *
You barely miss the orc wizard.
The orc wizard is almost dead.
The orc wizard gestures at you while chanting.
The puff of flame hits you!
You die...

...# #...
#####....####.### ..
.. ..##.#.#####.###
... ..##.#..........
.. ..##.#######.###
#.. .. ....##.# #.#
.#.. .. ...##.# #.#
...#.#. #..##.# #.#
...#. ##.# #># #.#
.o..###@#.##.#######.#
#..#Ko###...........#
#..#o#.#.#.........#
..#...[##.##...#####.#
#.........######
####.###### ... ####


You could see an orc warrior, an orc wizard and a kobold.

Vanquished Creatures
  An orc priest (D:3)
  4 adders
  3 oozes (D:1)
  3 worms (D:3)
  2 goblins (D:1)
  3 hobgoblins
  4 jackals (D:2)
  7 bats (D:1)
  A frilled lizard (D:1)
  3 kobolds
  10 rats
41 creatures vanquished.

Notes
Turn   | Place    | Note
-------+----------+-------------------------------------------
     0 | D:1      | Inarius the Draconian Ice Elementalist began the quest for the Orb.
     0 | D:1      | Reached XP level 1. HP: 14/14 MP: 3/3
    86 | D:1      | Reached XP level 2. HP: 16/22 MP: 1/5
   911 | D:1      | Reached XP level 3. HP: 26/27 MP: 6/6
   944 | D:1      | Learned a level 3 spell: Ozocubu's Armour
   947 | D:1      | Learned a level 2 spell: Throw Frost
  1402 | D:2      | Noticed Sigmund
  1567 | D:2      | Reached XP level 4. HP: 33/34 MP: 0/7
  1772 | D:3      | Found a blossoming altar of Fedhas.
  1801 | D:3      | Found a shattered altar of Ashenzari.
  1855 | D:3      | Found a burning altar of Makhleb.
  1912 | D:3      | Noticed a moth of wrath
  1915 | D:3      | Found a bloodstained altar of Trog.
  1936 | D:3      | Reached skill level 1 in Charms
  1976 | D:3      | Reached skill level 4 in Ice Magic
  2214 | D:3      | Reached skill level 1 in Fighting
  2215 | D:3      | Noticed an orc warrior
  2226 | D:3      | Killed from afar by an orc wizard

Skill      XL: |  1  2  3  4 |
---------------+-------------+-----
Dodging        | 2 |  2.1
Charms         | 1 |  1.2
Ice Magic      | 4 |  4.0
Fighting       | 1 |  1.0
Stealth        | |  1.7
Spellcasting   | |  2.8
Conjurations   | |  1.7

Action                   |  1- 3 |  4- 6 || total
-------------------------+-------+-------++-------
Melee: Whip              |    81 |    31 ||   112
       Tailslap          |     7 |     4 ||    11
 Cast: Freeze            |    18 |    11 ||    29
       Ozocubu's Armour  |     2 |       ||     2
       Throw Frost       |     1 |       ||     1
 Stab: Sleeping          |     1 |     1 ||     2
  Eat: Chunk             |     2 |     3 ||     5
Armor: Skin              |    47 |     4 ||    51
Dodge: Dodged            |    90 |    24 ||   114
